 Dungeon Crawl Stone Soup version 0.17.1-3-g152610e (webtiles) character file.

1458 Heskey the Shield-Bearer (level 8, -3/73 HPs)
             Began as a Hill Orc Fighter on Mar 16, 2016.
             Slain by an orc warrior
             ... wielding a +0 battleaxe
              (15 damage)
             ... on level 6 of the Dungeon.
             The game lasted 00:16:14 (4701 turns).

Heskey the Shield-Bearer (Hill Orc Fighter)         Turns: 4701, Time: 00:16:14

Health: -3/73      AC: 14    Str: 24    XL:     8   Next: 76%
Magic:  17/17      EV:  7    Int:  8    God:
Gold:   194        SH: 11    Dex: 13    Spells: 0 memorised, 7 levels left

rFire  . . .     SeeInvis .     a - +1 war axe
rCold  . . .     Clarity  .     p - +0 plate armour
rNeg   . . .     SustAt   .     c - +0 shield
rPois  .         Gourm    .     b - +0 helmet
rElec  .         Spirit   .     (no cloak)
rCorr  .         Warding  .     (no gloves)
rMut   .         Stasis   .     (no boots)
MR     .....                    (no amulet)
Stlth  ..........               q - +4 ring of strength
                                y - ring of magical power

@: not resistant to hostile enchantments, extremely unstealthy
A: agile 1
a: no special abilities


You were on level 6 of the Dungeon.
You were not hungry.

You visited 1 branch of the dungeon, and saw 6 of its levels.

You collected 284 gold pieces.
You spent 90 gold pieces at shops.

Inventory:

Hand Weapons
 a - a +1 war axe (weapon)
Armour
 b - a +0 helmet (worn)
 c - a +0 shield (worn)
 p - a +0 plate armour (worn)
Jewellery
 h - an uncursed ring of protection from cold
 l - an uncursed amulet of resist corrosion {unknown}
 q - a +4 ring of strength (right hand)
 s - an uncursed ring of magical power
 y - a ring of magical power (left hand)
Scrolls
 g - a scroll of enchant armour {unknown}
 i - 6 scrolls of immolation
 j - a scroll of teleportation
 k - 2 scrolls of amnesia
 o - 3 scrolls of identify
 r - a scroll of random uselessness {unknown}
 t - a scroll of enchant weapon
 w - 4 scrolls of remove curse
Potions
 d - a potion of heal wounds
 f - a potion of resistance {unknown}
 u - a potion of poison {unknown}
 z - 3 potions of curing
Comestibles
 e - 4 bread rations
 m - 4 meat rations
 n - a beef jerky


   Skills:
 + Level 7.2 Fighting
 - Level 2.6 Axes
 + Level 6.6 Armour
 + Level 2.9 Dodging
 + Level 7.8 Shields


You had 7 spell levels left.
You didn't know any spells.

Dungeon Overview and Level Annotations

Branches:
Dungeon (6/15)
 Temple: D:4-7

Altars:
Fedhas
Ru
Trog
Zin

Shops:
D:4 *


Innate Abilities, Weirdness & Mutations

You are agile. (Dex +2)


Message History

You are too injured to fight recklessly!
Unknown command.
You are too injured to fight recklessly!
You are too injured to fight recklessly!
Drink which item? (? for menu, Esc to quit)
You feel much better.
The orc warrior hits you with a battleaxe!!
* * * LOW HITPOINT WARNING * * *
You are too injured to fight recklessly!
You are too injured to fight recklessly!
You closely miss the orc warrior.
The orc warrior is heavily wounded.
You block the orc warrior's attack.
You closely miss the orc warrior.
The orc warrior is heavily wounded.
You block the orc warrior's attack.
Your shield and plate armour prevent you from hitting the orc warrior.
The orc warrior is heavily wounded.
The orc warrior hits you with a battleaxe!
You die...

#################
#................
#..#...#...#..[#.
#_.).............
#..#...#.@)#...
#.........o......
#################


You could see an orc warrior.

Vanquished Creatures
  A centaur zombie (D:6)
  The ghost of emiel the Sneak, an amateur OpEn (D:4)
  A centaur (D:6)
  An ice beast (D:5)
  An ogre (D:4)
  A necrophage (D:6)
  A sky beast (D:5)
  A big kobold (D:4)
  2 scorpions
  A crimson imp (D:5)
  A hound (D:4)
  A giant frog zombie (D:6)
  An orc priest (D:3)
  An orc wizard (D:6)
  2 worker ants (D:4)
  A worker ant zombie (D:5)
  7 adders
  An ooze (D:3)
  A worm (D:3)
  A giant gecko (D:3)
  16 orcs
  A ball python (D:2)
  9 bats
  5 giant cockroaches
  3 hobgoblins
  5 giant newts
  6 goblins
  2 jackals (D:4)
  7 kobolds
  A quokka (D:5)
  4 rats
87 creatures vanquished.

Notes
Turn   | Place    | Note
--------------------------------------------------------------
     0 | D:1      | Heskey the Hill Orc Fighter began the quest for the Orb.
     0 | D:1      | Reached XP level 1. HP: 19/19 MP: 1/1
   152 | D:1      | Reached XP level 2. HP: 27/27 MP: 2/2
   503 | D:2      | Reached skill level 4 in Shields
   503 | D:2      | Reached XP level 3. HP: 31/33 MP: 3/3
  1144 | D:2      | Reached XP level 4. HP: 35/40 MP: 4/4
  1378 | D:2      | Reached skill level 1 in Dodging
  1743 | D:3      | Found Zin's Purification Station.
  1744 | D:3      | Found a glowing silver altar of Zin.
  1766 | D:3      | Bought a potion of curing for 90 gold pieces
  1927 | D:3      | Reached XP level 5. HP: 27/47 MP: 5/5
  2145 | D:3      | You fall through a shaft!
  2375 | D:4      | Reached skill level 5 in Shields
  2375 | D:4      | Reached XP level 6. HP: 44/55 MP: 6/6
  2401 | D:4      | Reached skill level 5 in Fighting
  2452 | D:4      | Gained mutation: You are agile. (Dex +2) [potion of beneficial mutation]
  2513 | D:4      | Noticed emiel's ghost (amateur OpEn)
  2524 | D:4      | Found Munom's Assorted Antiques.
  2552 | D:4      | Killed emiel's ghost
  2552 | D:4      | Reached XP level 7. HP: 57/61 MP: 7/7
  2671 | D:4      | Reached skill level 5 in Armour
  2955 | D:5      | Entered Level 5 of the Dungeon
  3437 | D:4      | Reached skill level 6 in Shields
  3764 | D:5      | Reached XP level 8. HP: 48/71 MP: 8/8
  3950 | D:5      | Found a bloodstained altar of Trog.
  4598 | D:6      | Noticed a centaur zombie
  4611 | D:6      | Killed a centaur zombie
  4611 | D:6      | Reached skill level 7 in Shields
  4621 | D:6      | Found a blossoming altar of Fedhas.
  4663 | D:6      | Found a sacrificial altar of Ru.
  4701 | D:6      | Slain by an orc warrior

Action                   |  1- 3 |  4- 6 |  7- 9 || total
-------------------------+-------+-------+-------++-------
Melee: War axe           |   138 |   156 |   163 ||   457
  Use: Scroll            |       |     7 |     3 ||    10
       Potion            |       |     6 |     2 ||     8
  Eat: Chunk             |     1 |     5 |     1 ||     7
       Bread ration      |       |       |     1 ||     1
       Beef jerky        |       |       |     1 ||     1
